 Dungeon Crawl Stone Soup version 0.31.0-32-g396128a36d (webtiles) character file.

Game seed: 12269215190916150232

2670 Peloso the Carver (level 9, -2/80 HPs)
             Began as a Minotaur Fighter on Mar 25, 2024.
             Was a Priest of Okawaru.
             Slain by a vampire
             ... wielding a +1 vampiric halberd
              (7 damage)
             ... in a bailey.
             The game lasted 00:13:59 (6308 turns).

Peloso the Carver (Minotaur Fighter)                Turns: 6308, Time: 00:14:00

Health: -2/80      AC: 16    Str: 21    XL:     9   Next: 37%
Magic:  0/8        EV:  7    Int:  5    God:    Okawaru [***...]
Gold:   133        SH:  6    Dex: 14    Spells: 8/8 levels left

rFire   . . .        a - +0 long sword
rCold   . . .        d - +0 buckler
rNeg    . . .        c - +1 plate armour
rPois   .            (helmet restricted)
rElec   .            (no cloak)
rCorr   .            (no gloves)
SInv    .            i - +0 pair of boots
Will    .....        D - amulet of guardian spirit Stlth
                     C - +4 ring of slaying
HPRegen 0.33/turn    r - ring of flight
MPRegen 0.11/turn

%: guardian spirit
@: mighty, flying
A: horns 2, retaliatory headbutt
a: Renounce Religion, Heroism


You were in a bailey.
You worshipped Okawaru.
Okawaru was most pleased with you.
You visited 2 branches of the dungeon, and saw 8 of its levels.
You also visited: Sewer and Bailey.

You collected 229 gold pieces.
You spent 96 gold pieces at shops.

Inventory:

Hand Weapons
 a - a +0 long sword (weapon)
Armour
 b - a +0 scale mail
 c - a +1 plate armour (worn)
 d - a +0 buckler (worn)
 i - a +0 pair of boots (worn)
Jewellery
 k - the ring "Zacufem" {rPois rN++ rCorr Dex+2}
   (You found it on level 3 of the Dungeon)

   [ring of poison resistance]

   Dex+2:     It affects your dexterity (+2).
   rPois:     It protects you from poison rN++: It greatly protects you from
   negative energy.
   rCorr:     It protects you from acid and corrosion.
 r - a ring of flight (right hand)
 s - a ring of resist corrosion
 C - a +4 ring of slaying (left hand)
 D - an amulet of guardian spirit (around neck)
Talismans
 n - a blade talisman
Wands
 E - a wand of iceblast (2)
 F - a wand of digging (1)
Scrolls
 e - a scroll of enchant armour
 f - a scroll of teleportation {unknown}
 g - a scroll of silence
 h - 3 scrolls of fear
 m - a scroll of enchant weapon
 p - a scroll of acquirement
 q - a scroll of revelation
 t - 2 scrolls of amnesia
 x - 2 scrolls of blinking
 y - 2 scrolls of brand weapon {unknown}
 B - 2 scrolls of identify
Potions
 j - 2 potions of might
 o - a potion of ambrosia
 u - a potion of invisibility
 v - a potion of brilliance
 w - a potion of lignification
 z - 2 potions of mutation
 A - 2 potions of resistance
 G - a potion of curing


   Skills:
 + Level 7.7 Fighting
 + Level 9.6 Long Blades
 + Level 8.2 Armour
 + Level 1.7 Dodging
 + Level 0.6 Stealth
 + Level 7.4 Shields
 + Level 0.1 Evocations


You had 8 spell levels left.
You didn't know any spells.
Your spell library contained the following spells:

 Spells                   Type           Power      Damage    Failure   Level
 Leda's Liquefaction      Alch/Erth      0%         N/A       100%        4
 Lee's Rapid Deconstruct  Erth           0%         3d4*      100%        5
 Bombard                  Conj/Erth      0%         9d1       100%        6


Dungeon Overview and Level Annotations

Branches:
Dungeon (7/15)             Temple (1/1) D:4           Sewer (visited)
 Bailey (1/1)

Altars:
Ashenzari
Cheibriados
Dithmenos
Elyvilon
Fedhas
Gozag
Hepliaklqana
Kikubaaqudgha
Makhleb
Nemelex Xobeh
Okawaru
Qazlal
Ru
Sif Muna
Trog
Uskayaw
Vehumet
Wu Jian
Xom
Yredelemnul
Zin
The Shining One

Shops:
D:1 :   D:2 ?   D:3 *   D:4 (   D:7 *

Annotations:
D:6 Jeremiah
D:7 Joseph


Innate Abilities, Weirdness & Mutations

You have a pair of horns on your head.
You reflexively headbutt those who attack you in melee.


Message History

You are more confused.
You hit something but do no damage.
You hear some strange, mumbled words.
Something tries to affect you, but you resist.
You hit something but do no damage. Your headbutt misses something.
Something hits you.
You hear some strange, mumbled words.
Something tries to affect you, but you resist.
It was a potion of curing.
You feel better.
You feel much better. Something hits you! Something hits you!
Something bites you.
Something draws strength from your injuries!
You hit something but do no damage. You block something's attack.
Something bites you.
Something draws strength from your injuries!
You hit something but do no damage. You headbutt something. Something hits you!
* * * LOW HITPOINT WARNING * * *
You block something's attack.
You hit something. You headbutt something.
You feel like a meek peon again.
You barely miss something. Your headbutt misses something.
Something hits you but does no damage. Something bites you.
* * * LOW HITPOINT WARNING * * *
Something draws strength from your injuries!
You feel much better. Something hits you but does no damage.
Something bites you!
Something draws strength from your injuries!
You feel very mighty all of a sudden. Something hits you! Something bites you!
* * * LOW HITPOINT WARNING * * *
Something draws strength from your injuries!
Unknown command.
You miss something. You block something's attack. Something bites you!
* * * LOW HITPOINT WARNING * * *
Something draws strength from your injuries!
You hit something but do no damage. Your headbutt misses something.
Something hits you!
* * * LOW HITPOINT WARNING * * *
Something bites you!
You die...

##### #8[|.## ## ..![##
#8. #..8# #.. #.{# #..#
##.@##########
#...##...#8......8#
#......##.......8#
##....##...#######
###''##...##....8#
#.........#......#+####
#8...............#....#
#########....#...#....#
#......##..##...'....#


There were no monsters in sight!

Vanquished Creatures
  A gargoyle (Bailey)
  Grinder (D:3)
  Sigmund (D:3)
  A sky beast (D:7)
  An ogre (D:4)
  2 black bears
  A phantom (D:4)
  2 bullfrogs (Sewer)
  4 scorpions
  3 wights (D:6)
  7 vampire bats (Bailey)
  4 wolf zombies (Bailey)
  A bombardier beetle (D:4)
  3 hounds
  3 iguanas
  Terence (D:3)
  2 sleepcaps
  5 gnolls
  13 adders
  4 river rats (Sewer)
  4 ufetubi
  3 ribbon worms
  3 dart slugs
  An orc (D:4)
  17 ball pythons
  5 endoplasms
  7 giant cockroaches
  9 goblins
  6 hobgoblins
  8 jackals
  5 quokkas
  5 bats
  11 frilled lizards
  4 kobolds
  15 orc zombies (Bailey)
  17 rats
180 creatures vanquished.

Notes
Turn   | Place    | Note
-------+----------+-------------------------------------------
     0 | D:1      | Peloso the Minotaur Fighter began the quest for the Orb.
     0 | D:1      | Reached XP level 1. HP: 19/19 MP: 0/0
   136 | D:1      | Reached XP level 2. HP: 21/27 MP: 1/1
   447 | D:1      | Reached XP level 3. HP: 33/33 MP: 2/2
   743 | D:1      | Found Cukitwyo's Vocational Training.
  1148 | D:2      | Found Butruf's Magic Scroll Shoppe.
  1427 | D:2      | Reached skill level 3 in Long Blades
  1472 | D:2      | Found a stormy altar of Qazlal.
  1967 | D:2      | Reached XP level 4. HP: 41/41 MP: 3/3
  2284 | D:3      | Identified the ring "Zacufem" {rPois rN++ rCorr Dex+2}
  2313 | D:3      | Noticed Terence
  2324 | D:3      | Killed Terence
  2518 | D:3      | Found Yjamoxt's Assorted Antiques.
  2524 | D:3      | Bought a scroll labelled GUUCZO PEL for 21 gold pieces
  2578 | D:3      | Reached skill level 4 in Long Blades
  2583 | D:3      | Reached XP level 5. HP: 21/47 MP: 4/4
  2707 | D:3      | Noticed Grinder
  2716 | D:3      | Killed Grinder
  2717 | D:3      | Reached skill level 5 in Fighting
  2717 | D:3      | Reached skill level 5 in Long Blades
  2717 | D:3      | Reached skill level 5 in Armour
  2717 | D:3      | Reached XP level 6. HP: 40/56 MP: 5/5
  2992 | D:2      | Bought a scroll of revelation for 75 gold pieces
  3028 | D:4      | Reached skill level 1 in Dodging
  3037 | D:4      | Found Qorin's Weapon Emporium.
  3059 | D:4      | Found a staircase to the Ecumenical Temple.
  3112 | Temple   | Entered the Ecumenical Temple
  3119 | Temple   | Became a worshipper of Warmaster Okawaru
  3137 | D:4      | Found a shadowy altar of Dithmenos.
  3214 | D:4      | Reached skill level 6 in Long Blades
  3275 | D:4      | Noticed Sigmund
  3284 | D:4      | Reached XP level 7. HP: 56/61 MP: 6/6
  3318 | D:3      | Killed Sigmund
  3318 | D:3      | Reached * piety under Okawaru
  3575 | D:4      | Reached skill level 7 in Long Blades
  3949 | D:4      | Identified a scroll of acquirement
  3965 | D:5      | Entered Level 5 of the Dungeon
  3983 | D:5      | Found a glowing drain.
  4007 | Sewer    | Entered a sewer
  4225 | Sewer    | Reached XP level 8. HP: 23/70 MP: 7/7
  4227 | Sewer    | Reached skill level 5 in Shields
  4570 | D:5      | Reached ** piety under Okawaru
  4682 | D:5      | Reached skill level 8 in Long Blades
  4958 | D:5      | Found a broken altar of Ashenzari.
  4958 | D:5      | Found a sparkling altar of Nemelex Xobeh.
  4973 | D:5      | Found a glowing silver altar of Zin.
  5018 | D:5      | Found an opulent altar of Gozag.
  5544 | D:6      | Noticed Jeremiah
  5626 | D:7      | Noticed Joseph
  5742 | D:7      | Found a flagged portal.
  5759 | D:7      | Found Huasanonn's General Store.
  5824 | Bailey   | Entered a bailey
  6005 | Bailey   | Noticed a gargoyle
  6028 | Bailey   | Killed a gargoyle
  6029 | Bailey   | Reached skill level 9 in Long Blades
  6029 | Bailey   | Reached XP level 9. HP: 48/79 MP: 3/8
  6154 | Bailey   | Reached *** piety under Okawaru
  6308 | Bailey   | Slain by a vampire

Illustrated notes

Levels and vault maps discovered:
D:1:      minmay_arrival_shattered_statue, layout_loops_corners,
          nicolae_shop_vocational
D:2:      minmay_wonky_spiral, layout_basic, serial_shops,
          nicolae_shop_hallway_stairs, basic_altar, minmay_domino_2
D:3:      layout_basic, serial_shops, shop, uniq_terence, uniq_grinder
D:4:      layout_loops_cross, lemuel_crystal_altar, minmay_temple_entry_statues,
          serial_shops, nicolae_shop_advertising_works
          [nicolae_subvault_shop_adworks], uniq_sigmund
D:5:      layout_basic, pdpol_temple_overflow_zin_treasury_gozag_greed,
          grunt_temple_overflow_open, cheibrodos_sewer_entry_drain,
          kennysheep_generic_room_9
D:6:      layout_loops_corners, ebering_ghost_rock_garden, uniq_jeremiah
D:7:      layout_basic, serial_shops, shop, enter_bailey_3, st_stairs_13,
          uniq_joseph
Temple:   bh_familiar_temple
Bailey:   bailey_polearm_vampire_castle_hellmonk, bailey

Skill      XL: |  1  2  3  4  5  6  7  8  9 |
---------------+----------------------------+-----
Fighting       | 4 5 6 7 |  7.7
Armour         | 4 5 6 7 8 |  8.2
Shields        | 4 7 |  7.4
Long Blades    | 3 4 5 6 7 9 |  9.6
Dodging        | 1 |  1.7
Stealth        | |  0.6
Evocations     | |  0.1

Action                     |  1- 3 |  4- 6 |  7- 9 || total
---------------------------+-------+-------+-------++-------
  Melee: Long sword        |    86 |    76 |   354 ||   516
         Headbutt          |    16 |    13 |    61 ||    90
 Invoke: Heroism           |       |       |     2 ||     2
  Evoke: Wand              |       |       |     2 ||     2
    Use: Potion            |     3 |     1 |     4 ||     8
         Scroll            |     2 |       |    13 ||    15
 Armour: Scale mail        |    61 |       |       ||    61
         Plate armour      |     2 |    70 |   423 ||   495
  Dodge: Dodged            |    50 |    19 |   154 ||   223
  Block: Buckler           |    23 |    16 |   124 ||   163
